 Dungeon Crawl Stone Soup version 0.21.1-1-g345015fe64 (webtiles) character file.

44 Oravi the Insei (level 3, 0/26 HPs)
             Began as a Merfolk Transmuter on Apr 13, 2018.
             Succumbed to an adder's poison
             ... on level 2 of the Dungeon.
             The game lasted 00:02:46 (848 turns).

Oravi the Insei (Merfolk Transmuter)                 Turns: 848, Time: 00:02:47

Health: 0/26       AC:  2    Str: 10    XL:     3   Next: 62%
Magic:  3/6        EV: 13    Int: 13    God:
Gold:   73         SH:  0    Dex: 14    Spells: 0/6 levels left

rFire    . . .     SeeInvis .     - Unarmed
rCold    . . .     Gourm    .   (no shield)
rNeg     . . .     Faith    .   b - +0 robe
rPois    .         Spirit   .   (no helmet)
rElec    .         Reflect  .   (no cloak)
rCorr    .         Harm     .   (no gloves)
MR       .....                  (no boots)
Stlth    +.........             (no amulet)
HPRegen  0.08/turn              (no ring)
MPRegen  0.10/turn              (no ring)

@: lethally poisoned (0 -> -5)
A: change form in water, swift swim, stealthy swim
a: no special abilities


You were on level 2 of the Dungeon.
You were not hungry.

You visited 1 branch of the dungeon, and saw 2 of its levels.

You collected 73 gold pieces.

Inventory:

Missiles
 a - 12 arrows
Armour
 b - a +0 robe (worn)
Scrolls
 e - a scroll of noise {unknown}
 g - a scroll of remove curse {unknown}
Books
 c - a book of Changes

   Spells                             Type                      Level
   a - Beastly Appendage              Transmutation                1
   b - Sticks to Snakes               Transmutation                2
   c - Spider Form                    Transmutation/Poison         3
   d - Ice Form                       Ice/Transmutation            4
   e - Blade Hands                    Transmutation                5
Comestibles
 d - a ration


   Skills:
 + Level 1.1 Fighting
 + Level 3.4 Dodging
 + Level 4.0 Unarmed Combat
 - Level 2.0 Spellcasting
 * Level 3.7 Transmutations


You couldn't memorise any spells.
You knew the following spells:

 Your Spells              Type           Power        Failure   Level  Hunger
a - Beastly Appendage     Tmut           ##....       5%          1    ##.....
b - Sticks to Snakes      Tmut           ##......     9%          2    ###....
c - Spider Form           Tmut/Pois      #.........   34%         3    ####...


Dungeon Overview and Level Annotations

Branches:
Dungeon (2/15)

Altars:


Message History

You feel sick. The adder completely misses you.
You closely miss the adder.
* * * LOW HITPOINT WARNING * * *
You feel sick. The adder misses you.
You closely miss the adder. The adder barely misses you.
You aren't carrying any potions.
* * * LOW HITPOINT WARNING * * *
You feel sick. The adder completely misses you. x2
The adder closely misses you.
* * * LOW HITPOINT WARNING * * *
You feel sick. The adder closely misses you. The adder closely misses you.
* * * LOW HITPOINT WARNING * * *
You feel sick. The adder closely misses you. The adder misses you.
The adder completely misses you.
* * * LOW HITPOINT WARNING * * *
You feel sick. The adder closely misses you.
Your transformation has ended.
Your +0 robe unmelds from your body.
The adder closely misses you. x2
You die...

#.............
#..............
#..............
#..............
#..............
#..............
#..............
#.....@S.......
#.....†........
#......((.##.##
######...##
##....# #.....#
###.....#
#.'....##
#.#....#


You could see an adder.

Vanquished Creatures
  An adder (D:2)
  An ooze (D:1)
  3 dart slugs (D:1)
  A leopard gecko (D:2)
  2 bats (D:1)
  A giant cockroach (D:2)
  3 goblins
  4 jackals (D:2)
  A frilled lizard (D:1)
  6 kobolds
  A rat (D:1)
24 creatures vanquished.

Notes
Turn   | Place    | Note
-------+----------+-------------------------------------------
     0 | D:1      | Oravi the Merfolk Transmuter began the quest for the Orb.
     0 | D:1      | Reached XP level 1. HP: 15/15 MP: 3/3
   147 | D:1      | Reached XP level 2. HP: 21/21 MP: 3/5
   432 | D:1      | Reached XP level 3. HP: 26/26 MP: 4/6
   436 | D:1      | Learned a level 2 spell: Sticks to Snakes
   440 | D:1      | Learned a level 3 spell: Spider Form
   785 | D:2      | Reached skill level 4 in Unarmed Combat
   846 | D:2      | HP: 1/26 [poisoned by an adder]
   848 | D:2      | Succumbed to an adder's poison

Skill      XL: |  1  2  3 |
---------------+----------+-----
Dodging        | 3 |  3.4
Transmutations | 3 |  3.7
Unarmed Combat | 4 |  4.0
Fighting       | |  1.1
Spellcasting   | |  2.0

Action                   || total
-------------------------++-------
Melee: Unarmed           ||    66
       Headbutt          ||     3
 Cast: Beastly Appendage ||    11
       Spider Form       ||     3
 Stab: Sleeping          ||     3
  Eat: Chunk             ||     1
Armor: Robe              ||     3
       Skin              ||     5
Dodge: Dodged            ||    70
